 Dungeon Crawl Stone Soup version 0.20-a0-842-g939b552 (webtiles) character file.

70 M4edhros the Magician (level 4, -2/30 HPs)
             Began as a Formicid Air Elementalist on Mar 8, 2017.
             Was an Initiate of Dithmenos.
             Slain by a hound skeleton (4 damage)
             ... on level 4 of the Dungeon.
             The game lasted 00:03:35 (1039 turns).

M4edhros the Magician (Formicid Air Elementalist)   Turns: 1039, Time: 00:03:36

Health: -2/30      AC:  4    Str: 12    XL:     4   Next: 44%
Magic:  0/8        EV: 12    Int: 20    God:    Dithmenos [......]
Gold:   10         SH:  5    Dex: 12    Spells: 7/8 levels left

rFire    . . .     SeeInvis +   o - +4 quarterstaff
rCold    . . .     Gourm    .   a - +0 robe
rNeg     . . .     Faith    .   h - +2 buckler
rPois    .         Spirit   .   (helmet unavailable)
rElec    .         Reflect  .   (no cloak)
rCorr    .         Harm     .   (no gloves)
MR       .....                  g - +1 pair of boots
Stlth    +.........             (no amulet)
Regen    0.1/turn               (no ring)
MPRegen  0.2/turn               (no ring)

@: brilliant, lethally poisoned (-2 -> -8), very slow
A: permanent stasis, dig shafts and tunnels, four strong arms, antennae 3
a: Dig, Shaft Self, Renounce Religion


You were on level 4 of the Dungeon.
You worshipped Dithmenos.
Dithmenos was noncommittal.
You were not hungry.

You visited 2 branches of the dungeon, and saw 4 of its levels.

You collected 10 gold pieces.

Inventory:

Hand Weapons
 n - a +0 morningstar
 o - a +4 quarterstaff (weapon)
Missiles
 m - 39 stones (quivered)
Armour
 a - a +0 robe (worn)
 g - a +1 pair of boots (worn)
 h - a +2 buckler (worn)
Scrolls
 e - a scroll of identify
 i - a scroll of teleportation {unknown}
 j - a scroll of remove curse
 k - a scroll of enchant weapon {unknown}
 q - a scroll of enchant armour {unknown}
Books
 b - a book of Air

   Spells                             Type                      Level
   a - Shock                          Conjuration/Air              1
   b - Swiftness                      Charms/Air                   2
   c - Static Discharge               Conjuration/Air              3
   d - Airstrike                      Air                          4
   e - Lightning Bolt                 Conjuration/Air              5
Comestibles
 c - a bread ration
 d - a royal jelly
 f - 2 fruits
 p - 2 chunks of flesh


   Skills:
 + Level 0.6 Staves
 + Level 2.2 Dodging
 - Level 2.4 Stealth
 + Level 1.0 Shields
 * Level 2.8 Spellcasting
 * Level 1.8 Conjurations
 * Level 2.8 Air Magic


You had 7 spell levels left.
You knew the following spells:

 Your Spells              Type           Power        Failure   Level  Hunger
a - Shock                 Conj/Air       ###.         1%          1    None


Dungeon Overview and Level Annotations

Branches:
Dungeon (4/15)             Temple (1/1) D:4

Altars:
Ashenzari
Cheibriados
Dithmenos
Elyvilon
Fedhas
Gozag
Hepliaklqana
Kikubaaqudgha
Makhleb
Nemelex Xobeh
Okawaru
Qazlal
Ru
Sif Muna
Trog
Uskayaw
Vehumet
Wu Jian
Xom
Yredelemnul
Zin
The Shining One


Innate Abilities, Weirdness & Mutations

You cannot be hasted, slowed, berserked, paralysed or teleported.
You can dig through walls and to a lower floor.
Your four strong arms can wield two-handed weapons with a shield.
You have a pair of large antennae on your head. (SInv)


Message History

You feel sick.
The hound skeleton splashes around in the water.
Casting: Shock
Confirm with . or Enter, or press ? or * to list all spells.
You don't have enough magic to cast that spell.
Unknown command.
You barely miss the hound skeleton.
The hound skeleton is severely damaged.
* * * LOW HITPOINT WARNING * * *
You feel sick. The hound skeleton bites you.
* * * LOW HITPOINT WARNING * * *
The hound skeleton bites you.
* * * LOW HITPOINT WARNING * * *
It was a potion of brilliance.
You feel clever all of a sudden.
* * * LOW HITPOINT WARNING * * *
You feel sick. The hound skeleton barely misses you.
Your unstable footing causes you to fumble your attack.
The hound skeleton bites you.
You die...

..###........ #.#.........#.....#
...#...####..##.................#
......### #....................#
........# ##...................#
..#####.# #..............$....#
........######......÷...........#
..#####........≈§≈....>..........
..............≈≈§§≈.##.##....#...
..#####..###.≈§§@Z≈§#####...## ..
#........###.§§§>≈§≈# ...... .
#.#####.. #..§§§≈§§≈###........
#... ...###...≈≈§≈≈...... ..###
..#####.##..#..§§≈..####.
............##.##...#
..####.....###....### ###
##....####..## # #.........##


You could see a hound skeleton.

Vanquished Creatures
  2 worker ants (D:4)
  An adder (D:2)
  2 leopard geckos
  An orc (D:4)
  A giant cockroach (D:2)
  2 jackals (D:1)
  A bat (D:2)
  A frilled lizard (D:2)
  2 kobolds (D:2)
  A rat (D:2)
14 creatures vanquished.

Notes
Turn   | Place    | Note
-------+----------+-------------------------------------------
     0 | D:1      | M4edhros the Formicid Air Elementalist began the quest for the Orb.
     0 | D:1      | Reached XP level 1. HP: 13/13 MP: 3/3
     3 | D:1      | Reached skill level 1 in Conjurations
   306 | D:2      | Reached XP level 2. HP: 19/19 MP: 0/5
   363 | D:2      | Found a glowing golden altar of the Shining One.
   364 | D:2      | Found a deep blue altar of Sif Muna.
   730 | D:2      | You fall through a shaft for 2 floors!
   760 | D:4      | Reached XP level 3. HP: 24/24 MP: 0/6
   854 | D:4      | Found a white marble altar of Elyvilon.
   899 | D:4      | Found a staircase to the Ecumenical Temple.
   905 | Temple   | Entered the Ecumenical Temple
   979 | Temple   | Became a worshipper of Dithmenos the Shadowed
  1033 | D:4      | Reached skill level 1 in Shields
  1033 | D:4      | Reached XP level 4. HP: 13/30 MP: 1/8
  1039 | D:4      | Slain by a hound skeleton

Vault maps used:
D:1:      dpeg_arrival_simpleton_b
D:2:      minitemple, chequers_ecumenical_altar_simple_redux
D:4:      minmay_temple_entry_mist, gup_sewer_entry_glass,
          minmay_misc_feat_rows, elyvilon_altar_4
Temple:   regret_index_temple_chain_breaker

Skill      XL: |  1  2  3 |
---------------+----------+-----
Conjurations   | 1 |  1.8
Dodging        | 2 |  2.2
Shields        | 1 |  1.0
Staves         | |  0.6
Stealth        | |  2.4
Spellcasting   | |  2.8
Air Magic      | |  2.8

Action                   |  1- 3 |  4- 6 || total
-------------------------+-------+-------++-------
Melee: Unarmed           |    29 |       ||    29
       Quarterstaff      |     2 |     2 ||     4
       Morningstar       |     1 |       ||     1
 Cast: Shock             |    34 |     3 ||    37
 Abil: Shaft Self        |     1 |       ||     1
  Use: Potion            |     1 |     1 ||     2
       Scroll            |     1 |       ||     1
  Eat: Chunk             |     1 |       ||     1
Armor: Robe              |    11 |     2 ||    13
Dodge: Dodged            |    35 |     1 ||    36
Block: Buckler           |     8 |       ||     8
